 Dungeon Crawl Stone Soup version 0.14.0-26-g1682e81 (webtiles) character file.

153 Leibowitz the Cutter (level 4, -2/42 HPs)
             Began as a Kobold Berserker on Apr 26, 2014.
             Was a Priest of Trog.
             Slain by an orc wizard
             ... wielding a +0,+0 dagger
              (6 damage)
             ... on Level 3 of the Dungeon.
             The game lasted 00:09:27 (2232 turns).

Leibowitz the Cutter (Kobold Berserker)             Turns: 2232, Time: 00:09:27

HP  -2/42        AC  2     Str 21      XL: 4   Next: 58%
MP   4/4         EV 16     Int  5      God: Trog [***...]
Gold 76          SH  0     Dex 15      Spells:  0 memorised,  3 levels left

rFire  + . .     SeeInvis .     a - +1,+0 short sword
rCold  . . .     Clarity  .     b - +0 animal skin
rNeg   . . .     Conserve .     (no shield)
rPois  +         rCorr    .     (no helmet)
rElec  .         rRot     .     (no cloak)
SustAb . .       Spirit   .     (no gloves)
rMut   .         Warding  .     (no boots)
Saprov + + .     Stasis   .     (no amulet)
MR     .....                    n - ring of poison resistance
                                h - ring of protection from fire

@: berserking, very quick, not resistant to hostile enchantments, extremely
unstealthy
A: disease resistance, carnivore 3, saprovore 2
a: Burn Spellbooks, Berserk, Trog's Hand, Renounce Religion


You were on level 3 of the Dungeon.
You worshipped Trog.
Trog was most pleased with you.
You were not hungry.

You visited 1 branch of the dungeon, and saw 3 of its levels.

You collected 76 gold pieces.

Inventory:

Hand weapons
 a - a +1,+0 short sword (weapon)
Missiles
 e - a throwing net (quivered)
Armour
 b - a +0 animal skin (worn)
Comestibles
 c - 2 meat rations
Scrolls
 d - a scroll of teleportation {unknown}
 j - 2 scrolls of remove curse
 m - 2 scrolls of identify
Jewellery
 h - a ring of protection from fire (left hand)
 l - an uncursed ring of sustain abilities
 n - a ring of poison resistance (right hand)


   Skills:
 + Level 3.5 Fighting
 + Level 4.7 Short Blades
 + Level 1.7 Armour
 + Level 3.6 Dodging
 * Level 2.7 Stealth


You had 3 spell levels left.
You didn't know any spells.

Dungeon Overview and Level Annotations

Branches:
Dungeon (3/15)

Altars:


Innate Abilities, Weirdness & Mutations

You recuperate from illness quickly.
You are small and have problems with some larger weapons.
You are carnivorous and can eat meat at any time.
You can eat rotten meat.


Message History

You hit the orc.
The orc is lightly wounded.
The orc barely misses you.
You hit the orc.
The orc is heavily wounded.
You hit the orc.
You kill the orc!
Trog accepts your kill.
You hear some strange, mumbled words.
The puff of flame hits you! You resist.
You are wearing:
h - a ring of protection from fire (left hand)
The magic dart hits you!
Use which ability? (? or * to list)
A red film seems to cover your vision as you go berserk!
You feel yourself moving faster!
You feel mighty!
You feel somewhat more hungry. The magic dart hits you!
* * * LOW HITPOINT WARNING * * *
You feel a strong urge to attack something.
Something hits you.
You die...

.............#
....>........#
.............###
...(...........#
........<..###.#
.............#.#
..........##.#.#
..........##.#.####
##..............@.#
#....##.#####.##.#
#....##.# #.##.#
.........# #.#...
.........$ .......
.......# ###.....
.o.#### #..##.. .
#..# ..# #..# .


There were no monsters in sight!

Vanquished Creatures
  2 adders (D:2)
  An orc (D:3)
  3 giant cockroaches (D:1)
  10 goblins
  7 hobgoblins
  2 oozes (D:2)
  6 bats
  A giant gecko (D:2)
  4 giant newts
  8 kobolds
  14 rats
58 creatures vanquished.

Notes
Turn   | Place    | Note
--------------------------------------------------------------
     0 | D:1      | Leibowitz, the Kobold Berserker, began the quest for the Orb.
     0 | D:1      | Reached XP level 1. HP: 14/14 MP: 1/1
   290 | D:1      | Reached XP level 2. HP: 13/19 MP: 2/2
   403 | D:1      | Reached skill level 1 in Stealth
   593 | D:1      | Acquired Trog's second power
   624 | D:1      | Reached XP level 3. HP: 21/23 MP: 3/3
  1264 | D:2      | Reached XP level 4. HP: 28/28 MP: 4/4
  2232 | D:3      | Slain by an orc wizard

Action                   |  1- 3 |  4- 6 || total
-------------------------+-------+-------++-------
Melee: Short sword       |   122 |   103 ||   225
Throw: Throwing net      |     1 |     1 ||     2
Invok: Berserk           |       |     2 ||     2
  Use: Scroll            |       |     5 ||     5
       Potion            |       |     5 ||     5
 Stab: Sleeping          |     4 |       ||     4
       Distracted        |     1 |       ||     1
